 Dungeon Crawl Stone Soup version 0.27-a0-1456-gf5a116941d (webtiles) character file.

Game seed: 17376432040315141068

4 sagitran the Skirmisher (level 1, 0/18 HPs)
             Began as a Human Wanderer on July 5, 2021.
             Slain by a giant cockroach (2 damage)
             ... on level 1 of the Dungeon.
             The game lasted 00:01:32 (238 turns).

sagitran the Skirmisher (Human Wanderer)             Turns: 238, Time: 00:01:33

Health: 0/18       AC:  3    Str: 10 (11) XL:     1   Next: 77%
Magic:  1/1        EV: 10    Int: 11 (12) God:
Gold:   12         SH:  0    Dex: 12 (13) Spells: 0/0 levels left

rFire    . . .     SeeInvis .   e - +0 dagger (protect)
rCold    . . .     Faith    .   (no shield)
rNeg     . . .     Spirit   .   g - +0 leather armour
rPois    .         Reflect  .   (no helmet)
rElec    .         Harm     .   (no cloak)
rCorr    .         Rampage  .   (no gloves)
Will     .....                  (no boots)
Stlth    +.........             (no amulet)
HPRegen  0.06/turn              (no ring)
MPRegen  0.07/turn              (no ring)

@: very slightly contaminated
A: no striking features
a: no special abilities


You were on level 1 of the Dungeon.
You visited 1 branch of the dungeon, and saw 2 of its levels.

You collected 12 gold pieces.

Inventory:

Hand Weapons
 a - a +2 dagger
 e - a +0 dagger of protection (weapon)
Armour
 c - a +0 robe
 g - a +0 leather armour (worn)
Potions
 b - a potion of haste


   Skills:
 + Level 3.2 Fighting
 + Level 1.0 Short Blades
 + Level 1.0 Maces & Flails
 + Level 1.0 Throwing
 + Level 2.1 Armour
 + Level 1.0 Stealth
 + Level 1.0 Shields


You couldn't memorise any spells.
You didn't know any spells.
Your spell library contained the following spells:

 Spells                   Type           Power      Damage    Failure   Level
 Apportation              Tloc           0%         N/A       43%         1
 Shock                    Conj/Air       0%         1d3       43%         1
 Portal Projectile        Hex/Tloc       0%         N/A       80%         3
 Swiftness                Air            0%         N/A       80%         3


Dungeon Overview and Level Annotations

Branches:
Dungeon (2/15)

Altars:


Message History

It was a potion of degeneration.
There was something very wrong with that liquid.
You feel weakened.
You feel dopey.
You feel clumsy.
The giant cockroach bites you but does no damage.
The giant cockroach barely misses you.
It was a potion of invisibility.
You fade into invisibility!
The giant cockroach bites you but does no damage.
You are very lightly contaminated with residual magic.
You open the door. The giant cockroach bites you.
* * * LOW HITPOINT WARNING * * *
There is an open door here.
The giant cockroach barely misses you.
You see here 12 gold pieces.
You now have 12 gold pieces.
The giant cockroach bites you but does no damage.
The frilled lizard unfolds its giant frill.
The giant cockroach barely misses you.
Found a robe.
The giant cockroach bites you but does no damage.
You open the door. The giant cockroach misses you.
The giant cockroach barely misses you.
There is an open door here.
An endoplasm comes into view.
The giant cockroach bites you but does no damage.
Found a faded altar of an unknown god.
The endoplasm quivers.
The endoplasm hits you.
* * * LOW HITPOINT WARNING * * *
The giant cockroach bites you but does no damage.
The giant cockroach bites you.
* * * LOW HITPOINT WARNING * * *
You flicker for a moment.
The giant cockroach misses you.
You flicker back into view.
Found a stone staircase leading down.
The giant cockroach bites you but does no damage.
Found a robe.
The giant cockroach bites you.
You die...

..........g..J..........
.....l##########.######
......# #g# ......## #.#
..g....# #.# #....###
#J# .....# #.# .....#
#B# .....# #@# ...8.8..
........# ###.....
.....[>.#
8.8.8#######..# ._....
...# .8.8 ###.# #.# #.#


You could see an endoplasm, a giant cockroach and a hobgoblin.

Vanquished Creatures
  A bat (D:1)
  2 goblins
  A kobold (D:2)
4 creatures vanquished.

Notes
Turn   | Place    | Note
-------+----------+-------------------------------------------
     0 | D:1      | sagitran the Human Wanderer began the quest for the Orb.
     0 | D:1      | sagitran set off with the following items: a +2 dagger, a
                  | potion of haste, a +0 robe; and the following spells
                  | available to memorise: Apportation, Shock, Portal
                  | Projectile, Swiftness
     0 | D:1      | Reached XP level 1. HP: 18/18 MP: 1/1
   214 | D:1      | Found a faded altar of an unknown god.
   238 | D:1      | Slain by a giant cockroach

Illustrated notes

Levels and vault maps discovered:
D:1:      giann_forest_graveyard, layout_basic, ebering_ecumenical_altar_ruins
D:2:      cheibrodos_fertilizer, layout_rooms, uniq_jessica,
          uniq_crazy_yiuf_cottage, uniq_robin, uniq_natasha

Action                   || total
-------------------------++-------
Melee: Dagger            ||    35
  Use: Potion            ||     2
Armor: Leather armour    ||    21
       Robe              ||    10
Dodge: Dodged            ||    45

Table legend: (Time is in decaauts)
 A = Elapsed time spent in this place.
 B = Non-inter-level travel time spent in this place.
 C = Inter-level travel time spent in this place.
 D = Time resting spent in this place.
 E = Time spent auto-exploring this place.
 F = Levels seen in this place.
 G = Mean time per level.
                   A        B        C        D        E       F      G
               +--------+--------+--------+--------+--------+-----+--------+
         Total |    236 |    236 |      0 |      0 |     69 |   2 |  118.0 |
       Dungeon |    236 |    236 |      0 |      0 |     69 |   2 |  118.0 |
               +--------+--------+--------+--------+--------+-----+--------+

Top non-repeatable levels by time:
     D:1: 219 daAuts
     D:2: 17 daAuts
